Map: Incorporeal LE

Players

Stegosandro - Winner!

  • Race: Protoss Protoss
  • League: Platinum
  • Spawn Location: 5:00

Sindyr

  • Race: Zerg Zerg
  • League: Master
  • Spawn Location: 11:00

VOD

Have the link to the VOD?

Description

Time

  • Played on: Oct. 25, 2025, 8:10 a.m.
  • Length: 4:33
Show
View Real Time Build Order
Export as new Build Order

Stegosandro Protoss - Winner!

Build Orders:  

Get SALT Encoding   

  12  0:02  Probe  
  13  0:14  Probe  
  14  0:26  Probe, Pylon  
  15  0:44  Probe  
  15  0:46  Forge  
  16  0:57  Probe  
  17  1:05  Pylon  
  17  1:27  Photon Cannon  
  17  1:34  Gateway  
  17  1:35  Gateway  
  17  1:38  Gateway  
  17  1:44  Gateway  
  17  1:52  Pylon  
  17  2:16  Zealot  
  17  2:18  Zealot x2  
  23  2:36  Zealot  
  25  2:39  Zealot  
  25  2:41  Zealot  
  25  2:42  Zealot  
  31  2:52  Photon Cannon  
  31  3:03  Zealot  
  33  3:06  Zealot  
  33  3:08  Zealot  
  37  3:14  Zealot  
  39  3:32  Pylon  
  39  3:50  Zealot x2  
  43  4:14  Photon Cannon  
Show
View Real Time Build Order
Export as new Build Order

Sindyr Zerg 

Build Orders: Hatch First 

Get SALT Encoding   

  12  0:02  Drone  
  13  0:12  Overlord  
  13  0:25  Drone  
  14  0:31  Drone x2  
  16  0:41  Drone  
  17  0:52  Hatchery  
  17  0:56  Drone  
  17  1:00  Drone  
  17  1:03  Extractor  
  17  1:17  Spawning Pool  
  16  1:20  Drone  
  16  1:22  Drone  
  18  1:30  Drone  
  19  2:04  Queen  
  19  2:05  Queen  
  19  2:08  Drone x4  
  27  2:21  Zergling x2  
  28  2:25  Overlord  
  28  2:50  Lair  
  28  3:02  Zergling x12  
  34  3:18  Drone x2, Extractor  
  34  3:19  Drone  
  36  3:21  Overlord x2  
  34  3:40  Spine Crawler  
  26  3:42  Spine Crawler  
  26  3:44  Spine Crawler  
  26  3:47  Spine Crawler  
  23  3:51  Spine Crawler  
Tags
 
Matchup
PvZ
Replay Pack
Multiplayer
Spawn Locations
Cross Positions
Add a new tag
Caveats
  • Supply blocks, unpowered buildings, or Contaminate may cause inaccurate times.
  • Supply counts are checked every 10 seconds.